 Dungeon Crawl Stone Soup version 0.31-a0-236-g9a0961fb85 (webtiles) character file.

Game seed: 7952589556965461638

204 qw the Shooter (level 5, -10/45 HPs)
             Began as a Minotaur Hexslinger on July 10, 2023.
             Was an Initiate of Okawaru.
             Mangled by an orc
             ... wielding a +1 whip of electrocution
              (11 damage)
             ... on level 3 of the Dungeon.
             The game lasted 00:00:59 (1931 turns).

qw the Shooter (Minotaur Hexslinger)                Turns: 1931, Time: 00:01:00

Health: -10/45     AC:  5    Str: 13    XL:     5   Next: 52%
Magic:  5/5        EV: 11    Int: 10    God:    Okawaru [......]
Gold:   160        SH:  0    Dex: 20    Spells: 5/6 levels left

rFire   . . .        Y - +1 sling
rCold   . . .        (no shield)
rNeg    . . .        b - +0 ring mail
rPois   .            (helmet restricted)
rElec   .            (no cloak)
rCorr   +            (no gloves)
SInv    .            (no boots)
Will    .....        (no amulet)
Stlth   +            d - +6 ring of dexterity
HPRegen 0.27/turn    j - ring of resist corrosion
MPRegen 0.09/turn

%: no passive effects
@: no status effects
A: horns 2, retaliatory headbutt
a: Renounce Religion


You were on level 3 of the Dungeon.
You worshipped Okawaru.
Okawaru was noncommittal.
You visited 1 branch of the dungeon, and saw 3 of its levels.

You collected 160 gold pieces.


Innate Abilities, Weirdness & Mutations

You have a pair of horns on your head.
You reflexively headbutt those who attack you in melee.


   Skills:
 - Level 3.0 Fighting
 + Level 5.7 Ranged Weapons
 - Level 1.0 Armour
 - Level 2.1 Dodging
 - Level 1.0 Spellcasting
 - Level 2.0 Hexes


You had 5 spell levels left.
You knew the following spells:

 Your Spells              Type           Power      Damage    Failure   Level
a - Slow                  Hex            16%        N/A       32%         1

Your spell library contained the following spells:

 Spells                   Type           Power      Damage    Failure   Level
 Inner Flame              Hex/Fire       2%         N/A       82%         3
 Portal Projectile        Hex/Tloc       4%         N/A       82%         3
 Cause Fear               Hex            2%         N/A       97%         4

Inventory:

Hand Weapons
 Y - a +1 sling (weapon)
Armour
 b - a +0 ring mail (worn)
Jewellery
 d - a +6 ring of dexterity (left hand)
 j - a ring of resist corrosion (right hand)
Scrolls
 e - a scroll of identify {unknown}
Potions
 a - a potion of enlightenment {unknown}
 c - 2 potions of curing
 g - a potion of might {unknown}
 h - a potion of mutation {unknown}
 i - a potion of ambrosia {unknown}

Dungeon Overview and Level Annotations

Branches:
Dungeon (3/15)

Altars:
Okawaru

Annotations:
D:3 2 transporters, qw's ghost, amateur MiHs


Message History

The orc misses you.
The orc priest calls down the wrath of Beogh upon you.
Pain shoots through your body!
The orc wizard points at you and mumbles some strange words.
The magic dart hits you!
You shoot a sling bullet. The sling bullet hits the orc wizard.
The orc wizard is almost dead.
The orc hits you with a +1 whip of electrocution.
You are electrocuted!!
The orc priest hits you with a +0 whip. The orc wizard barely misses you.
You furiously retaliate!
You headbutt the orc wizard.
You kill the orc wizard!
Okawaru accepts your kill.
You shoot a sling bullet. The sling bullet hits the orc priest.
The orc priest is moderately wounded.
The orc priest completely misses you.
The orc hits you with a +1 whip of electrocution.
The ball python barely misses you. The ball python grabs you.
The ball python constricts you. The bat closely misses you.
You shoot a sling bullet. The sling bullet hits the ball python!
You kill the ball python!
Okawaru accepts your kill. The bat hits you but does no damage.
The orc closely misses you. The orc priest closely misses you.
You furiously retaliate!
You headbutt the orc priest. The bat barely misses you.
You shoot a sling bullet. The sling bullet hits the orc priest!
You kill the orc priest!
Okawaru accepts your kill. The bat closely misses you. You furiously retaliate!
You headbutt the bat!
You kill the bat!
Okawaru accepts your kill. The orc closely misses you.
The orc hits you but does no damage.
You shoot a sling bullet.
The sling bullet closely misses the orc.
The orc completely misses you.
You shoot a sling bullet.
The sling bullet hits the orc but does no damage.
The orc hits you with a +1 whip of electrocution.
You are electrocuted!
You die...

*,,,,,,,,,,*,* ###+#####,........
*,,,,,,,,*,..###.......#*#.#.#.##
*,,,,,,**,*#.#.........# #.#...#.
***,*,,*,,,#...........# #.###.#.
*,*,,*,,,#.........<.# #.# #.#.
*,,,,*,*,#.)........)###.###.#.
****,*#.##...................#.
*,,......%o)...#########..##
*,,,,,.#.))@...##.....<.....
*,****,#.#############.####.
*,****..>* #.# #. *,,,.oo***
#.####. *,,..o,* #...... ####
*,,..,,* ######. ...# *,,.,,,* #.
...# *,,,,,,* #. ...# *,,,,,,* #.


You could see an orc.

Vanquished Creatures
  2 orc priests
  Ijyb (D:3)
  An orc wizard (D:3)
  2 adders
  A worm (D:2)
  9 orcs
  5 bats
  6 endoplasms
  2 giant cockroaches (D:3)
  3 goblins
  8 hobgoblins
  3 jackals (D:1)
  5 kobolds
  A quokka (D:1)
  8 ball pythons
  4 frilled lizards
  2 rats
63 creatures vanquished.

Notes
Turn   | Place    | Note
-------+----------+-------------------------------------------
     0 | D:1      | qw the Minotaur Hexslinger began the quest for the Orb.
     0 | D:1      | Reached XP level 1. HP: 16/16 MP: 1/1
     0 | D:1      | 0 ||| qw: Version: 0.3-a-52-g30416fa
     0 | D:1      | 0 ||| qw: Game counter: 4871
     0 | D:1      | 0 ||| qw: Melee chars always use a shield: true
     0 | D:1      | 0 ||| qw: God list: Okawaru
     0 | D:1      | 0 ||| qw: Allow faded altars: false
     0 | D:1      | 0 ||| qw: Do Orc after clearing Dungeon:15 true
     0 | D:1      | 0 ||| qw: Do second Lair branch before Depths: true
     0 | D:1      | 0 ||| qw: Lair rune preference: random
     0 | D:1      | 0 ||| qw: Goals: Normal
     0 | D:1      | 0 ||| PLANNING D:1-11
   182 | D:1      | Reached skill level 3 in Ranged Weapons
   182 | D:1      | Reached XP level 2. HP: 23/23 MP: 2/2
   675 | D:1      | 675 ||| UPGRADING to +6 ring of dexterity.
   676 | D:1      | 676 ||| READING scroll labelled XUNYMU OF WEIRCH.
   681 | D:1      | 681 ||| DROPPING scroll of poison.
   734 | D:2      | Reached XP level 3. HP: 28/29 MP: 3/3
   746 | D:2      | Reached skill level 4 in Ranged Weapons
   746 | D:2      | 746 ||| FLEEEEING.
   747 | D:2      | 747 ||| STAIRDANCE
   817 | D:2      | 817 ||| STAIRDANCE
   845 | D:1      | 845 ||| UPGRADING to +0 ring mail.
   855 | D:1      | 855 ||| DROPPING +0 robe.
   861 | D:2      | 861 ||| STAIRDANCE
   867 | D:1      | Reached skill level 1 in Armour
   867 | D:1      | Reached XP level 4. HP: 15/36 MP: 4/4
   868 | D:1      | HP: 9/36 [poisoned by an adder]
  1354 | D:2      | 1354 ||| UPGRADING to ring of resist corrosion.
  1355 | D:2      | 1355 ||| READING scroll labelled CAFAWN IFEPA.
  1356 | D:2      | 1356 ||| DRINKING 2 smoky orange potions.
  1357 | D:2      | 1357 ||| DRINKING 2 ruby potions.
  1358 | D:2      | 1358 ||| DROPPING potion of attraction.
  1368 | D:3      | Noticed qw's ghost (amateur MiHs)
  1430 | D:3      | Noticed an ice beast
  1435 | D:3      | Found a transporter.
  1462 | D:3      | Reached skill level 5 in Ranged Weapons
  1470 | D:3      | Found a transporter.
  1570 | D:3      | Found an iron altar of Okawaru.
  1571 | D:3      | 1571 ||| PLANNING OKAWARU WORSHIP
  1571 | D:3      | 1571 ||| READING scroll labelled ALUREO VIZUBAN.
  1571 | D:3      | Noticed Ijyb
  1572 | D:3      | 1572 ||| READING scroll labelled ROIMEA FITT.
  1611 | D:3      | 1611 ||| FLEEEEING.
  1612 | D:3      | 1612 ||| FLEEEEING.
  1613 | D:3      | 1613 ||| FLEEEEING.
  1614 | D:3      | 1614 ||| FLEEEEING.
  1615 | D:3      | 1615 ||| FLEEEEING.
  1616 | D:3      | 1616 ||| FLEEEEING.
  1618 | D:3      | 1618 ||| FLEEEEING.
  1619 | D:3      | 1619 ||| FLEEEEING.
  1621 | D:3      | 1621 ||| FLEEEEING.
  1622 | D:3      | 1622 ||| FLEEEEING.
  1623 | D:3      | 1623 ||| FLEEEEING.
  1624 | D:3      | 1624 ||| FLEEEEING.
  1625 | D:3      | 1625 ||| FLEEEEING.
  1626 | D:3      | 1626 ||| FLEEEEING.
  1628 | D:3      | 1628 ||| FLEEEEING.
  1629 | D:3      | 1629 ||| FLEEEEING.
  1630 | D:3      | 1630 ||| FLEEEEING.
  1631 | D:3      | 1631 ||| FLEEEEING.
  1635 | D:3      | 1635 ||| FLEEEEING.
  1636 | D:3      | 1636 ||| FLEEEEING.
  1637 | D:3      | 1637 ||| FLEEEEING.
  1638 | D:3      | 1638 ||| FLEEEEING.
  1639 | D:3      | 1639 ||| FLEEEEING.
  1640 | D:3      | 1640 ||| FLEEEEING.
  1641 | D:3      | 1641 ||| FLEEEEING.
  1642 | D:3      | 1642 ||| FLEEEEING.
  1643 | D:3      | 1643 ||| FLEEEEING.
  1644 | D:3      | 1644 ||| FLEEEEING.
  1645 | D:3      | 1645 ||| FLEEEEING.
  1646 | D:3      | 1646 ||| FLEEEEING.
  1647 | D:3      | 1647 ||| FLEEEEING.
  1648 | D:3      | 1648 ||| FLEEEEING.
  1649 | D:3      | 1649 ||| FLEEEEING.
  1650 | D:3      | 1650 ||| FLEEEEING.
  1651 | D:3      | 1651 ||| FLEEEEING.
  1652 | D:3      | 1652 ||| FLEEEEING.
  1653 | D:3      | 1653 ||| FLEEEEING.
  1654 | D:3      | 1654 ||| FLEEEEING.
  1655 | D:3      | 1655 ||| FLEEEEING.
  1656 | D:3      | 1656 ||| FLEEEEING.
  1665 | D:3      | Killed Ijyb
  1666 | D:3      | Reached XP level 5. HP: 15/44 MP: 5/5
  1776 | D:3      | Became a worshipper of Warmaster Okawaru
  1777 | D:3      | 1777 ||| PLANNING D:1-11
  1805 | D:3      | Reached skill level 3 in Fighting
  1918 | D:3      | 1918 ||| Stepping ~*~*~tactically~*~*~ (outnumbered).
  1926 | D:3      | HP: 3/45 [orc/+1 whip of electrocution (19)]
  1926 | D:3      | HP: 1/45 [orc priest/+0 whip (2)]
  1931 | D:3      | HP: 1/45 [orc/+1 whip of electrocution (1)]
  1931 | D:3      | Mangled by an orc

Levels and vault maps discovered:
D:1:      nzn_arrival_settlement, layout_loops_ring, minmay_3d_cube
D:2:      layout_rooms
D:3:      layout_basic, lemuel_crystal_altar, gammafunk_ghost_arena,
          nrook_mini_vaults, minivault_26, minmay_distorted, uniq_ijyb

Skill      XL: |  1  2  3  4  5 |
---------------+----------------+-----
Ranged Weapons | 3 4 5 |  5.7
Fighting       | 2 3 |  3.0
Armour         | 1 |  1.0
Dodging        | |  2.1
Spellcasting   | |  1.0
Hexes          | |  2.0

Action                     |  1- 3 |  4- 6 || total
---------------------------+-------+-------++-------
  Melee: Unarmed           |       |     3 ||     3
   Fire: Sling             |    77 |   140 ||   217
    Use: Scroll            |     1 |     3 ||     4
         Potion            |       |     2 ||     2
 Armour: Robe              |     3 |       ||     3
         Ring mail         |     7 |    16 ||    23
         Skin              |       |    25 ||    25
  Dodge: Dodged            |    49 |    86 ||   135

Table legend:
 A = Non-vault XP
 B = Vault XP
 C = Vault XP percentage of total XP
 D = Non-vault monster count
 E = Vault monster count
 F = Vault count percentage of total count
                 A         B        C        D         E       F
            +---------+---------+-------+---------+---------+-------
      Total |     243 |      49 |  16.8 |      55 |       8 |  12.7
            +---------+---------+-------+---------+---------+-------
        D:1 |      49 |       7 |  12.5 |      19 |       4 |  17.4
        D:2 |      79 |       0 |   0.0 |      14 |       0 |   0.0
        D:3 |     115 |      42 |  26.8 |      22 |       4 |  15.4
            +---------+---------+-------+---------+---------+-------
